 Dungeon Sprint DCSS version 0.32-a0-433-g08bcfe7efd (webtiles) character file.

Game seed: 10679370097586621552

14 adelrune the Cudgeller (level 2, 0/20 HPs)
             Began as a Gargoyle Monk on Feb 22, 2024.
             Slain by a phantom (3 damage)
             ... in the Dungeon (Sprint IX: "|||||||||||||||||||||||||||||").
             The game lasted 00:00:40 (48 turns).

adelrune the Cudgeller (Gargoyle Monk)                Turns: 48, Time: 00:00:40

Health: 0/20       AC:  4    Str: 14    XL:     2   Next: 45%
Magic:  2/2        EV: 12    Int: 10    God:
Gold:   0          SH:  0    Dex: 12    Spells: 1/1 levels left

rFire   . . .        a - +0 mace
rCold   . . .        d - orb {light}
rNeg    + . .        b - +0 robe
rPois   ∞            (no helmet)
rElec   +            (no cloak)
rCorr   .            (no gloves)
SInv    .            (no boots)
Will    .....        (no amulet)
Stlth   +            (no ring)
HPRegen 0.23/turn    (no ring)
MPRegen 0.08/turn

%: no teleportation
@: hasted, glowing, very quick
A: sickness immunity, AC +2, negative energy resistance 1, electricity
resistance, torment resistance 1, petrification resistance
a: no special abilities


You were in the Dungeon.
You visited 1 branch

Inventory:

Hand Weapons
 a - a +0 mace (weapon)
Armour
 b - a +0 robe (worn)
 d - an orb of light (worn)
Scrolls
 j - a scroll of blinking
Potions
 c - a potion of ambrosia
 e - a potion of curing
 h - 2 potions of magic
 i - a potion of berserk rage


   Skills:
 + Level 4.0 Fighting
 * Level 4.2 Maces & Flails
 + Level 2.0 Armour
 + Level 3.0 Dodging


You had one spell level left.
You didn't know any spells.
Your spell library was empty.

Dungeon Overview and Level Annotations

Branches:
Dungeon (1/1)

Altars:


Innate Abilities, Weirdness & Mutations

You are immune to sickness and miasma.
Your stone body is resilient. (AC +2)
You are immune to poison.
You resist negative energy. (rN+)
You are resistant to electric shocks. (rElec)
You are resistant to unholy torment.
You are immune to petrification.


Message History

You closely miss the ufetubus.
The ufetubus is heavily wounded.
The ufetubus hits you but does no damage.
The ufetubus barely misses you. The ufetubus closely misses you. x2
You hit the ufetubus.
You kill the ufetubus!
Your Fighting skill increases to level 4!
Your Maces & Flails skill increases to level 4!
Your Armour skill increases to level 2!
Your Dodging skill increases to level 3!
You hit the phantom.
The phantom is lightly damaged.
The phantom barely misses you.
You hit the phantom.
The phantom is moderately damaged.
The phantom hits you.
You barely miss the phantom.
The phantom is moderately damaged.
You hit the phantom.
The phantom is moderately damaged.
The phantom hits you but does no damage.
You hit the phantom.
The phantom is heavily damaged.
The phantom hits you but does no damage.
You hit the phantom.
The phantom is heavily damaged.
The phantom closely misses you.
You hit the phantom.
The phantom is heavily damaged.
The phantom hits you!
* * * LOW HITPOINT WARNING * * *
You sock the phantom!
The phantom is severely damaged.
You barely miss the phantom.
The phantom is severely damaged.
The phantom barely misses you.
You hit the phantom.
The phantom is almost destroyed.
The phantom hits you.
You die...

▓+▓
▓.▓
▓.▓
▓.▓
▓.▓
▓s▓
▓g▓
▓W▓
▓@▓
▓.▓
▓.▓
▓.▓
▓)▓
▓.▓
▓.▓
▓.▓
▓<▓


You could see a phantom, a scorpion and a gnoll.

Vanquished Creatures
  An ufetubus (D)
  A dart slug (D)
  A goblin (D)
  3 hobgoblins (D)
  A rat (D)
7 creatures vanquished.

Notes
Turn   | Place    | Note
-------+----------+-------------------------------------------
     0 | D        | adelrune the Gargoyle Monk began the quest for the Orb.
     0 | D        | Reached XP level 1. HP: 14/14 MP: 1/1
    14 | D        | Reached skill level 1 in Armour
    23 | D        | Noticed a scorpion
    23 | D        | Noticed a phantom
    30 | D        | Reached XP level 2. HP: 10/20 MP: 2/2
    32 | D        | HP: 1/20 [gnoll/+0 whip (3)]
    48 | D        | Slain by a phantom

Illustrated notes

Levels and vault maps discovered:
D:        linesprint [early_d, line_temple, items_1, d_10, items_2, lair_1,
          lair_end, items_3, orc_1, orc_end, items_4, d_15, swamp_1, shoals_1,
          snake_1, spider_1, d_20, vaults_1, items_5, swamp_end, shoals_end,
          snake_end, spider_end, vaults_end, d_27, items_6, zot_1, zot_end,
          crypt_end, forest_end, elf_end, slime_end, tomb_end, abyss_end,
          pan_hell_end]

Skill      XL: |  1  2 |
---------------+-------+-----
Armour         | 1 2 |  2.0
Fighting       | 4 |  4.0
Maces & Flails | 4 |  4.2
Dodging        | 3 |  3.0

Action                     || total
---------------------------++-------
  Melee: Mace              ||    33
    Use: Potion            ||     2
 Armour: Robe              ||    21
  Dodge: Dodged            ||    26

Table legend: (Time is in decaauts)
 A = Elapsed time spent in this place.
 B = Non-inter-level travel time spent in this place.
 C = Inter-level travel time spent in this place.
 D = Time resting spent in this place.
 E = Time spent auto-exploring this place.
 F = Levels seen in this place.
 G = Mean time per level.
                   A        B        C        D        E       F      G
               +--------+--------+--------+--------+--------+-----+--------+
         Total |     49 |     49 |      0 |      0 |      0 |   1 |   49.0 |
       Dungeon |     49 |     49 |      0 |      0 |      0 |   1 |   49.0 |
               +--------+--------+--------+--------+--------+-----+--------+

Top non-repeatable levels by time:
       D: 49 daAuts
